 Dungeon Crawl Stone Soup version 0.28-a0-1447-ga5a8893891 (webtiles) character file.

Game seed: 10717013848605225696

101 porpoise the Sneak (level 4, -1/37 HPs)
             Began as a Demonspawn Brigand on Jan 12, 2022.
             Slain by an orc (4 damage)
             ... on level 3 of the Dungeon.
             The game lasted 00:08:22 (3289 turns).

porpoise the Sneak (Demonspawn Brigand)             Turns: 3289, Time: 00:08:22

Health: -1/37      AC:  9    Str: 13    XL:     4   Next: 48%
Magic:  10/13      EV: 11    Int: 12    God:
Gold:   93         SH:  0    Dex: 15    Spells: 3/3 levels left

rFire   . . .      SeeInvis .   a - +2 dagger
rCold   . . .      Faith    .   (no shield)
rNeg    . . .      Spirit   .   g - +0 robe
rPois   .          Reflect  .   (no helmet)
rElec   .          Harm     .   c - +0 cloak
rCorr   .          Rampage  .   (no gloves)
Will    .....                   (no boots)
Stlth   +++.......              o - amulet of the acrobat
HPRegen 0.12/turn               l - ring of magical power
MPRegen 0.13/turn               (no ring)

@: lethally poisoned (-1 -> -2), sanguine armoured
A: ignite blood 1, sanguine armour 1
a: no special abilities


You were on level 3 of the Dungeon.
You visited 1 branch of the dungeon, and saw 3 of its levels.

You collected 93 gold pieces.

Inventory:

Hand Weapons
 a - a +2 dagger (weapon)
 b - a +0 hunting sling
Missiles
 d - 14 poisoned darts (quivered)
 e - 2 curare-tipped darts
 h - 46 stones
 i - 6 atropa-tipped darts
Armour
 c - a +0 cloak (worn)
 g - a +0 robe (worn)
Jewellery
 l - a ring of magical power (left hand)
 o - an amulet of the acrobat (around neck)
Scrolls
 j - a scroll of teleportation
Potions
 f - a potion of invisibility
 k - 2 potions of curing
 m - a potion of attraction
 q - a potion of mutation {unknown}
 r - a potion of brilliance {unknown}


   Skills:
 * Level 4.0 Fighting
 - Level 2.0 Short Blades
 - Level 1.7 Throwing
 - Level 0.8 Dodging
 + Level 4.3 Stealth


You had 3 spell levels left.
You didn't know any spells.
Your spell library contained the following spells:

 Spells                   Type           Power      Damage    Failure   Level
 Animate Skeleton         Necr           0%         N/A       32%         1
 Apportation              Tloc           0%         N/A       32%         1
 Slow                     Hex            0%         N/A       32%         1
 Summon Small Mammal      Summ           0%         N/A       32%         1
 Confusing Touch          Hex            0%         N/A       69%         3
 Vampiric Draining        Necr           0%         2d6       69%         3


Dungeon Overview and Level Annotations

Branches:
Dungeon (3/15)

Altars:

Shops:
D:1 (


Innate Abilities, Weirdness & Mutations

Your demonic aura sometimes causes spilled blood to erupt in flames.
When seriously injured, your blood forms armour. (AC +6)


Message History

The orc hits you but does no damage.
You are poisoned.
The orc misses you.
You hit the orc. You punch the orc.
You kill the orc!
You feel sick. The orc barely misses you.
You feel sick.
The orc hits you with a +0 dagger of venom.
You are more poisoned.
You hit the orc.
The orc is severely wounded.
You feel very sick. The orc barely misses you.
You hit the orc but do no damage.
The orc is severely wounded.
You feel sick. The orc barely misses you.
You hit the orc but do no damage.
The orc is severely wounded.
Your blood congeals into armour.
You feel sick. The orc closely misses you.
You hit the orc.
You kill the orc!
You feel sick.
You closely miss the orc.
You feel sick. The orc closely misses you. The orc hits you with a +0 dagger.
You hit the orc.
The orc is heavily wounded.
You feel sick. The orc barely misses you. The orc hits you but does no damage.
You hit the orc.
The orc is severely wounded.
The orc barely misses you. The orc misses you.
You completely miss the orc.
The orc is severely wounded.
You feel sick.
The orc hits you with a +0 flail of holy wrath.
You convulse!
* * * LOW HITPOINT WARNING * * *
You barely miss the orc.
You feel sick. The orc hits you but does no damage. The orc closely misses you.
You barely miss the orc.
You feel sick. The orc hits you with a +0 dagger.
You die...

.....((##....
(#...........
.............
#..(........#.#
#..(o.......#.#
#.(†...........
#)##.#.##...#.# .
#.o.......#.#.####. #
#o@.....#.#.#.##...
#.####...............
....#.#.......#.##.#.
<....................
...##.........#.##...
## #.................
##.....#..##.##...
#......#..#..##...
......#..#..#..##...


You could see 2 orcs.

Vanquished Creatures
  5 adders
  A worm (D:3)
  A dart slug (D:2)
  2 orcs (D:3)
  8 ball pythons
  3 bats
  An endoplasm (D:1)
  A giant cockroach (D:1)
  5 goblins
  6 hobgoblins
  2 jackals (D:1)
  2 quokkas
  A frilled lizard (D:1)
  7 kobolds
  3 rats
48 creatures vanquished.

Notes
Turn   | Place    | Note
-------+----------+-------------------------------------------
     0 | D:1      | porpoise the Demonspawn Brigand began the quest for the
                  | Orb.
     0 | D:1      | Reached XP level 1. HP: 16/16 MP: 1/1
   111 | D:1      | Found Emirhost's Antique Weapon Shoppe.
   349 | D:1      | Gained mutation: Your demonic aura sometimes causes spilled
                  | blood to erupt in flames. [demonic ancestry]
   349 | D:1      | Reached XP level 2. HP: 23/23 MP: 2/2
  1461 | D:2      | Gained mutation: When seriously injured, your blood forms
                  | armour. (AC +6) [demonic ancestry]
  1461 | D:2      | Reached XP level 3. HP: 29/29 MP: 3/3
  2147 | D:2      | Reached XP level 4. HP: 37/37 MP: 4/4
  3003 | D:3      | Found a faded altar of an unknown god.
  3289 | D:3      | Slain by an orc

Illustrated notes

Levels and vault maps discovered:
D:1:      dpeg_arrival_solitude, layout_basic, serial_shops, shop
D:2:      layout_basic, kennysheep_donut, minmay_vboxes
D:3:      minmay_evil_eye, layout_basic, ebering_ecumenical_altar_hall,
          uniq_sigmund

Skill      XL: |  1  2  3  4 |
---------------+-------------+-----
Short Blades   | 2 |  2.0
Fighting       | 3 4 |  4.0
Stealth        | 4 |  4.3
Throwing       | |  1.7
Dodging        | |  0.8

Action                   |  1- 3 |  4- 6 || total
-------------------------+-------+-------++-------
Melee: Dagger            |    97 |    43 ||   140
       Punch             |     1 |     2 ||     3
 Fire: Hunting sling     |     5 |     9 ||    14
Throw: Dart              |    18 |    11 ||    29
  Use: Potion            |     1 |       ||     1
       Scroll            |       |     5 ||     5
 Stab: Sleeping          |     4 |     1 ||     5
Armor: Robe              |    17 |     7 ||    24
Dodge: Dodged            |    49 |    29 ||    78

Table legend: (Time is in decaauts)
 A = Elapsed time spent in this place.
 B = Non-inter-level travel time spent in this place.
 C = Inter-level travel time spent in this place.
 D = Time resting spent in this place.
 E = Time spent auto-exploring this place.
 F = Levels seen in this place.
 G = Mean time per level.
                   A        B        C        D        E       F      G
               +--------+--------+--------+--------+--------+-----+--------+
         Total |   3267 |   3174 |     93 |   1090 |   1630 |   3 | 1089.0 |
       Dungeon |   3267 |   3174 |     93 |   1090 |   1630 |   3 | 1089.0 |
               +--------+--------+--------+--------+--------+-----+--------+

Top non-repeatable levels by time:
     D:2: 1435 daAuts
     D:1: 1431 daAuts
     D:3: 401 daAuts
